Map: Lock & Load

Players

LilArrin

  • Race: Terran Terran
  • Spawn Location: 7:00

LilArrin

  • Race: Protoss Protoss
  • Spawn Location: 6:00

VOD

Have the link to the VOD?

Description

Time

  • Played on: April 22, 2018, 2:33 a.m.
  • Length: 9:59
Show
View Real Time Build Order
Export as new Build Order

LilArrin Terran 

Build Orders:  

Get SALT Encoding   

  12  0:03  SCV  
  13  0:20  SCV  
  14  0:37  Supply Depot, SCV  
  15  0:54  SCV  
  16  1:10  SCV  
  17  1:25  Command Center  
  17  1:29  SCV  
  18  1:46  SCV  
  18  1:48  Barracks  
  19  1:57  Refinery  
  19  2:03  SCV  
  20  2:21  Orbital Command  
  20  2:32  Engineering Bay  
  20  2:49  Barracks  
  20  2:57  SCV  
  21  3:02  Combat Shields  
  21  3:07  Orbital Command  
  21  3:10  Terran Infantry Weapons Level 1  
  21  3:14  SCV  
  21  3:19  Barracks Tech Lab  
  22  3:30  Barracks  
  22  3:33  Barracks Reactor  
  22  3:44  SCV  
  22  3:46  Supply Depot, Marine  
  24  3:56  Marine  
  25  4:06  Marine  
  26  4:14  Marine  
  26  4:16  Marine  
  26  4:17  Supply Depot  
  26  4:19  Supply Depot  
  28  4:27  Medic  
  30  4:40  Marine x2  
  30  4:46  Marine x2  
  34  4:50  Marine x2  
  34  4:52  Stabilizer Medpacks  
  34  4:56  Marine x2  
  38  5:00  Marine  
  38  5:01  Marine  
  40  5:11  Medic, Marine x3  
  45  5:21  Marine x3  
  45  5:22  Marine  
  48  5:35  Marine x2  
  50  5:42  Marine  
  51  5:55  Marine x2  
  51  5:56  Medic, Marine  
  56  6:05  Marine x2  
  56  6:06  Marine  
  56  6:07  Marine  
  60  6:15  Marine  
  60  6:17  Marine  
  61  6:25  Marine  
  61  6:28  Medic  
  61  6:29  Marine x2  
  61  6:30  Supply Depot  
  61  6:38  Medic  
  60  6:43  Marine  
  60  6:45  Marine x2  
  63  6:54  Marine  
  63  6:59  Medic, Marine  
  67  7:14  Marine  
  67  7:18  Medic, Marine x2  
  67  7:24  Marine  
  67  7:28  Marine x2  
  66  7:30  Marine  
  66  7:34  Marine  
  66  7:38  Marine  
  64  7:41  Marine x2  
  64  7:44  Marine  
  64  7:49  Marine  
  62  7:51  Medic, Marine  
  62  7:54  Marine  
  62  7:59  Marine  
  67  8:01  Marine x2  
  70  8:12  Marine  
  70  8:16  Marine  
  70  8:22  Marine  
  70  8:27  Marine x3, Supply Depot  
  70  8:32  Marine  
  70  8:37  Marine x2  
  70  8:38  Marine  
  73  8:43  Marine  
  73  8:47  Marine  
  71  8:53  Marine  
  71  8:54  Marine  
  71  8:57  Marine  
  71  8:59  Marine  
  72  9:04  Marine x2  
  72  9:08  Marine  
  69  9:13  Marine  
  69  9:14  Marine  
  66  9:20  Marine  
  66  9:23  Marine  
  66  9:28  Marine  
  64  9:32  Marine  
  64  9:37  Marine  
  65  9:41  Marine  
Show
View Real Time Build Order
Export as new Build Order

LilArrin Protoss 

Build Orders:  

Get SALT Encoding   

  12  0:07  Probe (Chrono Boost)  
Tags
 
Commander
FenixRaynor
Matchup
Co-op
Replay Pack
Co-op Speedrun
Add a new tag
Caveats
  • Supply blocks, unpowered buildings, or Contaminate may cause inaccurate times.
  • Supply counts are checked every 10 seconds.